 Dungeon Sprint DCSS version 0.24.1 (webtiles) character file.

Game seed: 14401581710029694677, levelgen mode: deterministic

44 Groucho the Skirmisher (level 3, -2/36 HPs)
             Began as a Naga Fighter on Apr 5, 2020.
             Was a Believer of Cheibriados.
             Slain by a gnoll
             ... wielding a +0 club
              (8 damage)
             ... in the Dungeon (Sprint VII: "The Pits").
             The game lasted 00:01:15 (446 turns).

Groucho the Skirmisher (Naga Fighter)                Turns: 446, Time: 00:01:16

Health: -2/36      AC:  4    Str: 24    XL:     3   Next: 62%
Magic:  5/5        EV:  6    Int: 14    God:    Cheibriados [**....]
Gold:   0          SH: 10    Dex: 17    Spells: 2/2 levels left

rFire    . . .     SeeInvis +   a - +0 war axe
rCold    . . .     Gourm    .   c - +0 shield
rNeg     . . .     Faith    .   b - +0 scale mail
rPois    +         Spirit   .   (no helmet)
rElec    .         Reflect  .   (no cloak)
rCorr    .         Harm     .   (no gloves)
MR       .....     NoTele   +   (no barding)
Stlth    ..........             (no amulet)
HPRegen  0.12/turn              (no ring)
MPRegen  0.09/turn              (no ring)

@: lethally poisoned (-2 -> -34), very slightly contaminated, invisible, very
slow
A: large, see invisible, deformed body, poison resistance, slowness 2, slow
metabolism 1, spit poison 1, AC +1
a: Spit Poison, Bend Time, Renounce Religion


You were in the Dungeon.
You worshipped Cheibriados.
Cheibriados was pleased with you.
You were not hungry.

You visited 1 branch

Inventory:

Hand Weapons
 a - a +0 war axe (weapon)
 l - a +2 mace
Missiles
 q - 10 stones (quivered)
Armour
 b - a +0 scale mail (worn)
 c - a +0 shield (worn)
Scrolls
 k - a scroll of blinking
 n - 3 scrolls of remove curse
 o - 5 scrolls of amnesia
 p - a scroll of summoning
Potions
 d - a potion of might
 h - a potion of haste
 i - 4 potions of magic
 j - 3 potions of berserk rage
 m - a potion of invisibility
Comestibles
 f - 9 rations


   Skills:
 + Level 4.2 Fighting
 + Level 3.5 Axes
 + Level 3.5 Armour
 + Level 3.5 Shields
 + Level 2.9 Invocations


You had 2 spell levels left.
You didn't know any spells.
Your spell library was empty.

Dungeon Overview and Level Annotations

Branches:
Dungeon (1/1)

Altars:
Ashenzari
Cheibriados
Dithmenos
Elyvilon
Fedhas
Gozag
Hepliaklqana
Kikubaaqudgha
Makhleb
Nemelex Xobeh
Okawaru
Qazlal
Ru
Sif Muna
Trog
Uskayaw
Vehumet
Wu Jian
Xom
Yredelemnul
Zin
The Shining One
Beogh
Jiyva
Lugonu


Innate Abilities, Weirdness & Mutations

You cannot wear boots.
Your serpentine skin is tough. (AC +1)
You have supernaturally acute eyesight. (SInv)
Armour fits poorly on your strangely shaped body.
Your system is resistant to poisons. (rPois)
You cover ground very slowly.
You have a slow metabolism.
You can spit poison.


Message History

The water moccasin is heavily wounded.
You hit the gnoll.
You feel sick. You block the gnoll's attack. The water moccasin bites you.
You are more poisoned.
The water moccasin poisons you! The water moccasin bites you.
* * * LOW HITPOINT WARNING * * *
You block the gnoll's attack.
Unknown command.
You fade into invisibility!
* * * LOW HITPOINT WARNING * * *
You feel sick. The water moccasin closely misses you.
You block the gnoll's attack.
You are very lightly contaminated with residual magic.
You catch the helpless water moccasin completely off-guard!
You hit the water moccasin.
The water moccasin is heavily wounded.
You closely miss the gnoll.
* * * LOW HITPOINT WARNING * * *
You feel sick. The gnoll hits you with a +0 club!
You die...

#.?|.')))'.##......#.
##########.##........
#.......)...'........
+#####'#####......#.
#.....# #........
#...รท.# ####'####
###S### #.......#
#..g..# #.......#
#.@...# #.......#
####'## #...<...#
#..g.....##.......#
#........##.......#
###########.......#
#########


You could see a water moccasin and a gnoll.

Vanquished Creatures
  A worker ant (D)
  An adder (D)
  2 oozes (D)
  A hobgoblin (D)
  A jackal zombie (D)
  A rat (D)
7 creatures vanquished.

Notes
Turn   | Place    | Note
-------+----------+-------------------------------------------
     0 | D        | Groucho the Naga Fighter began the quest for the Orb.
     0 | D        | Reached XP level 1. HP: 21/21 MP: 1/1
    45 | D        | Found a bloodstained altar of Trog.
    45 | D        | Found a shimmering blue altar of Sif Muna.
    45 | D        | Found a viscous altar of Jiyva.
    45 | D        | Found a hazy altar of Hepliaklqana.
    45 | D        | Found an opulent altar of Gozag.
    46 | D        | Found a glowing golden altar of the Shining One.
    46 | D        | Found a glowing silver altar of Zin.
    46 | D        | Found a basalt altar of Yredelemnul.
    46 | D        | Found a shimmering altar of Xom.
    46 | D        | Found an ornate altar of the Wu Jian Council.
    46 | D        | Found a sacrificial altar of Ru.
    46 | D        | Found a stormy altar of Qazlal.
    46 | D        | Found an iron altar of Okawaru.
    46 | D        | Found a sparkling altar of Nemelex Xobeh.
    46 | D        | Found a burning altar of Makhleb.
    46 | D        | Found a blossoming altar of Fedhas.
    46 | D        | Found a white marble altar of Elyvilon.
    46 | D        | Found a shadowy altar of Dithmenos.
    46 | D        | Found a snail-covered altar of Cheibriados.
    48 | D        | Found a radiant altar of Vehumet.
    48 | D        | Found a corrupted altar of Lugonu.
    48 | D        | Found a roughly hewn altar of Beogh.
    49 | D        | Found a hide-covered altar of Uskayaw.
    49 | D        | Found an ancient bone altar of Kikubaaqudgha.
    49 | D        | Found a shattered altar of Ashenzari.
    57 | D        | Became a worshipper of Cheibriados the Contemplative
    80 | D        | Reached * piety under Cheibriados
    80 | D        | Reached skill level 1 in Invocations
    80 | D        | Reached XP level 2. HP: 28/28 MP: 2/2
    94 | D        | Reached ** piety under Cheibriados
    94 | D        | Reached skill level 4 in Fighting
    94 | D        | Reached XP level 3. HP: 32/36 MP: 2/5
   434 | D        | Noticed a water moccasin
   446 | D        | Slain by a gnoll

Levels and vault maps discovered:
D:        pitsprint [storerooms_1, entrance_room_1, metal_vault_3, armoury_2,
          mini_pit_1, grid_room_1, main_hall_1, silver_pit, the_coven_2,
          the_vestibule_1, steel_vault_3, golden_pit, hallway_of_sentries,
          crystal_vault_4, iron_vault_1, final_vault]

Skill      XL: |  1  2 |
---------------+-------+-----
Invocations    | 1 2 |  2.9
Axes           | 3 |  3.5
Armour         | 3 |  3.5
Shields        | 3 |  3.5
Fighting       | 4 |  4.2

Action                   || total
-------------------------++-------
Melee: War axe           ||    30
  Use: Potion            ||     3
 Stab: Invisible         ||     1
Armor: Scale mail        ||    20
Dodge: Dodged            ||     7
Block: Shield            ||    21
